 Dungeon Crawl Stone Soup version 0.26-a0-652-gafc20e3620 (webtiles) character file.

Game seed: 7556942454105335993

30 DoubleLucky the Caller (level 3, -4/19 HPs)
             Began as a Tengu Summoner on Oct 2, 2020.
             Slain by a sky beast (5 damage)
             ... on level 3 of the Dungeon.
             The game lasted 00:05:08 (1495 turns).

DoubleLucky the Caller (Tengu Summoner)             Turns: 1495, Time: 00:05:09

Health: -4/19      AC:  2    Str:  8    XL:     3   Next: 20%
Magic:  0/8        EV: 12    Int: 16    God:
Gold:   49         SH:  0    Dex: 14    Spells: 4/7 levels left

rFire    . . .     SeeInvis +   b - +0 dagger
rCold    . . .     Faith    .   (no shield)
rNeg     . . .     Spirit   .   a - +0 robe
rPois    +         Reflect  .   (helmet restricted)
rElec    .         Harm     .   (no cloak)
rCorr    .         Rampage  .   (no gloves)
MR       .....                  (boots unavailable)
Stlth    ++........             (no amulet)
HPRegen  0.06/turn              c - ring of see invisible
MPRegen  0.11/turn              h - ring of poison resistance

@: no status effects
A: beak, talons 3
a: no special abilities


You were on level 3 of the Dungeon.
You visited 1 branch of the dungeon, and saw 3 of its levels.

You collected 49 gold pieces.

Inventory:

Hand Weapons
 b - a +0 dagger (weapon)
Armour
 a - a +0 robe (worn)
 j - a +0 leather armour
Jewellery
 c - a ring of see invisible (left hand)
 h - a ring of poison resistance (right hand)
Scrolls
 d - a scroll of teleportation {unknown}
 g - 2 scrolls of remove curse {unknown}
 i - a scroll of random uselessness {unknown}
 k - a scroll of fear {unknown}
Potions
 e - 2 potions of curing {unknown}
 f - a potion of heal wounds {unknown}


   Skills:
 - Level 2.1 Dodging
 - Level 2.0 Stealth
 + Level 2.7 Spellcasting
 + Level 5.4 Summonings


You had 4 spell levels left.
You knew the following spells:

 Your Spells              Type           Power        Failure   Level
a - Summon Small Mammal   Summ           ###.         1%          1
b - Call Imp              Summ           ###.....     3%          2

Your spell library contained the following spells:

 Spells                   Type           Power        Failure   Level
 Call Canine Familiar     Summ           ###.....     6%          3
 Summon Guardian Golem    Hex/Summ       ##......     19%         3
 Summon Ice Beast         Ice/Summ       ##......     52%         4
 Summon Lightning Spire   Summ/Air       ##......     52%         4


Dungeon Overview and Level Annotations

Branches:
Dungeon (2/15)

Altars:


Innate Abilities, Weirdness & Mutations

You have a beak for a mouth.
You have claws for feet.


Message History

Your crimson imp misses the sky beast.
Your rat bites the sky beast but does no damage.
Casting: Summon Small Mammal (safe; 1% risk of failure)
Confirm with . or Enter, or press ? or * to list all spells.
The sky beast hits you. The sky beast shocks you.
Your rat barely misses the sky beast.
Your crimson imp blinks! x2
The sky beast flickers out of sight for a moment.
Your rat barely misses the sky beast.
Your quokka barely misses the sky beast.
You swap places.
The sky beast closely misses you.
Your quokka bites the sky beast.
Your rat bites the sky beast but does no damage.
Your crimson imp blinks!
Your crimson imp barely misses the sky beast.
Your crimson imp closely misses the sky beast.
Your quokka bites the sky beast.
The sky beast hits you.
* * * LOW HITPOINT WARNING * * *
The sky beast shocks you.
You die...

.. ##.......... ...
###......#.# ....
#####......#...#.
#..##.....##≈### ....#
#.........##.####.##..
##.##†......5......# .
...........#.......#
##.###.†...#.rr....# #
#.....#.5.Y@..#
#.....#........#
##.....########.:...
#.###..###### .....
......##....# ...
............# ..
............# .
....#####...#
....#$$?#...#


You could see a sky beast, 2 friendly crimson imps, a friendly quokka (summoned)
and a friendly rat (summoned).

Vanquished Creatures
  A bat (D:1)
  A frilled lizard (D:3)
  A rat (D:1)
3 creatures vanquished.

Vanquished Creatures (collateral kills)
  A gnoll (D:1)
  An adder (D:2)
  A leopard gecko (D:1)
  5 bats (D:1)
  A giant cockroach (D:1)
  4 goblins
  3 hobgoblins
  2 frilled lizards (D:1)
  2 kobolds (D:1)
  6 rats
26 creatures vanquished.

Grand Total: 29 creatures vanquished

Notes
Turn   | Place    | Note
-------+----------+-------------------------------------------
     0 | D:1      | DoubleLucky the Tengu Summoner began the quest for the Orb.
     0 | D:1      | Reached XP level 1. HP: 10/10 MP: 4/4
   143 | D:1      | Reached skill level 5 in Summonings
   279 | D:1      | Reached XP level 2. HP: 15/15 MP: 1/6
   341 | D:1      | Learned a level 2 spell: Call Imp
  1197 | D:2      | Reached XP level 3. HP: 18/19 MP: 1/8
  1368 | D:2      | You fall into a shaft and drop 1 floor!
  1456 | D:3      | Noticed a sky beast
  1495 | D:3      | Slain by a sky beast

Illustrated notes

Levels and vault maps discovered:
D:1:      lightli_arrival_boilingwater, layout_basic
D:2:      layout_basic, nicolae_overflow_crystal_walls, kennysheep_minor_cross,
          uniq_robin, uniq_crazy_yiuf_cottage
D:3:      layout_rooms, supply_closet_lemuel, corexii_item_surrounded_by_moat,
          chequers_serial_rivers_small_b, due_unseen_surprise, uniq_grinder

Skill      XL: |  1 |
---------------+----+-----
Summonings     | 5 |  5.4
Dodging        | |  2.1
Stealth        | |  2.0
Spellcasting   | |  2.7

Action                   || total
-------------------------++-------
Melee: Dagger            ||     8
       Kick              ||     2
       Peck              ||     1
 Cast: Summon Small Mamm ||    35
       Call Imp          ||    22
Armor: Robe              ||     6
Dodge: Dodged            ||    21

Table legend: (Time is in decaauts)
 A = Elapsed time spent in this place.
 B = Non-inter-level travel time spent in this place.
 C = Inter-level travel time spent in this place.
 D = Time resting spent in this place.
 E = Time spent auto-exploring this place.
 F = Levels seen in this place.
 G = Mean time per level.
                   A        B        C        D        E       F      G
               +--------+--------+--------+--------+--------+-----+--------+
         Total |   1500 |   1469 |     31 |      0 |   1071 |   3 |  500.0 |
       Dungeon |   1500 |   1469 |     31 |      0 |   1071 |   3 |  500.0 |
               +--------+--------+--------+--------+--------+-----+--------+

Top non-repeatable levels by time:
     D:1: 1179 daAuts
     D:2: 194 daAuts
     D:3: 126 daAuts
